 Dungeon Crawl Stone Soup version 0.30-a0-390-g80c34de65d (webtiles) character file.

Game seed: 13825330414419115206

294 arthad the Shield-Bearer (level 6, -2/39 HPs)
             Began as a Gargoyle Fighter on Dec 4, 2022.
             Slain by a mummy (7 damage)
             ... in an ossuary.
             The game lasted 00:05:22 (2400 turns).

arthad the Shield-Bearer (Gargoyle Fighter)         Turns: 2400, Time: 00:05:23

Health: -2/39      AC: 14    Str: 21      XL:     6   Next: 33%
Magic:  6/6        EV:  9    Int:  8 (9)  God:
Gold:   148        SH:  5    Dex:  9      Spells: 5/5 levels left

rFire   . . .      SeeInvis .    a - +0 war axe
rCold   + . .      Faith    .    c - +1 buckler
rNeg    + . .      Spirit   .    o - +3 scale mail
rPois   ∞          Reflect  .    (no helmet)
rElec   +          Harm     .    (no cloak)
rCorr   .          Rampage  .    (no gloves)
Will    +....                    (no boots)
Stlth   ..........               (no amulet)
HPRegen 0.26/turn                (no ring)
MPRegen 0.10/turn                (no ring)

@: no status effects
A: sickness immunity, AC +4, negative energy resistance 1, electricity
resistance, torment resistance 1, petrification resistance, cold resistance 1,
strong-willed 1, MP-powered wands
a: no special abilities


You were in an ossuary.
You visited 1 branch of the dungeon, and saw 4 of its levels.
You also visited: Ossuary.

You collected 181 gold pieces.
You spent 33 gold pieces at shops.

Inventory:

Hand Weapons
 a - a +0 war axe (weapon)
 e - a +4 club
 f - a +2 flail of draining
Missiles
 g - 6 poisoned darts (quivered)
Armour
 b - a +0 scale mail
 c - a +1 buckler (worn)
 o - a +3 scale mail (worn)
 p - an orb of light
Jewellery
 w - a ring of see invisible
Wands
 u - a wand of flame (21)
Scrolls
 i - 5 scrolls of teleportation
 j - 2 scrolls of immolation
 l - a scroll of identify
 m - a scroll of magic mapping
 q - a scroll of brand weapon {unknown}
 r - 2 scrolls of blinking {unknown}
 s - a scroll of fear {unknown}
 t - a scroll of vulnerability {unknown}
 y - a scroll of noise
Potions
 d - a potion of might
 h - 3 potions of flight
 k - 2 potions of heal wounds
 n - 2 potions of curing
 v - 2 potions of cancellation
 x - 4 potions of degeneration
 z - 2 potions of mutation
 A - a potion of brilliance {unknown}


   Skills:
 + Level 4.7 Fighting
 + Level 3.2 Axes
 + Level 4.6 Armour
 + Level 4.7 Shields


You had 5 spell levels left.
You didn't know any spells.
Your spell library was empty.

Dungeon Overview and Level Annotations

Branches:
Dungeon (4/15)            Ossuary (1/1)
 Temple: D:4-7

Altars:
Trog

Shops:
D:2 !

Portals:
Abyss: D:4

Annotations:
D:4 2 transporters, Ninjinzu's ghost, amateur DsBe


Innate Abilities, Weirdness & Mutations

You are immune to sickness and miasma.
Your stone body is resilient. (AC +4)
You are immune to poison.
You resist negative energy. (rN+)
You are resistant to electric shocks. (rElec)
You are resistant to unholy torment.
You are immune to petrification.
Your flesh is cold resistant. (rC+)
You are strong-willed. (Will+)
You expend magic power (3 MP) to strengthen your wands.


Message History

The mummy barely misses you.
You slash the mummy!
You destroy the mummy!
Found four items.
The sentinel's mark upon you fades away.
A mummy comes into view.
A mummy is nearby!
You see here a scroll of noise.
A - a sedimented emerald potion
z - 2 potions of mutation (gained 1)
You start resting.
A mummy is nearby!
The mummy completely misses you.
You see here a scroll of noise.
You closely miss the mummy. The mummy hits you.
You barely miss the mummy. The mummy hits you!
You are too injured to fight recklessly!
You are too injured to fight recklessly!
You are too injured to fight recklessly!
You are too injured to fight recklessly!
You are too injured to fight recklessly!
You are too injured to fight recklessly!
You are too injured to fight recklessly!
You are too injured to fight recklessly!
You are too injured to fight recklessly!
You are too injured to fight recklessly!
You are too injured to fight recklessly!
You are too injured to fight recklessly!
You are too injured to fight recklessly!
You are too injured to fight recklessly!
You hit the mummy but do no damage. You barely miss the mummy.
You block the mummy's attack.
You slash the mummy!
The mummy is heavily damaged.
The mummy hits you!
* * * LOW HITPOINT WARNING * * *
You hit the mummy but do no damage.
The mummy is heavily damaged.
The mummy hits you!
You die...

### ###.###
##.!?!.## #####
#!?..@..# #...#
####M#### #...#
#.# ##.## ###'###
#.### ##.....##
##.'.#
##.......###..###
#.....^...#^..'.#
+....⌠...^'...###
#.........#...'.#


You could see a mummy.

Vanquished Creatures
  A human zombie (Ossuary)
  Jessica (D:2)
  Terence (D:2)
  2 mummies (Ossuary)
  4 gnolls (D:3)
  10 adders
  A worm (D:2)
  A dart slug (D:2)
  8 endoplasms
  2 giant cockroaches
  5 goblins
  3 hobgoblins
  2 kobolds (D:2)
  3 quokkas
  8 ball pythons
  2 bats
  3 frilled lizards
  A hobgoblin zombie (Ossuary)
  2 orc zombies (Ossuary)
  3 rats
63 creatures vanquished.

Notes
Turn   | Place    | Note
-------+----------+-------------------------------------------
     0 | D:1      | arthad the Gargoyle Fighter began the quest for the Orb.
     0 | D:1      | Reached XP level 1. HP: 14/14 MP: 1/1
   242 | D:1      | Reached XP level 2. HP: 19/19 MP: 2/2
   481 | D:2      | Reached XP level 3. HP: 15/24 MP: 3/3
   577 | D:2      | Noticed Jessica
   596 | D:2      | Gained mutation: Your flesh is cold resistant. (rC+)
                  | [potion of mutation]
   596 | D:2      | Gained mutation: You expend magic power (3 MP) to
                  | strengthen your wands. [potion of mutation]
   596 | D:2      | Gained mutation: You are strong-willed. (Will+) [potion of
                  | mutation]
   599 | D:2      | Killed Jessica
   600 | D:2      | Reached XP level 4. HP: 29/29 MP: 4/4
   718 | D:2      | Found Iladac's Distillery.
   723 | D:2      | Bought a potion of curing for 33 gold pieces
  1182 | D:2      | Noticed Terence
  1202 | D:2      | Killed Terence
  1203 | D:2      | Reached XP level 5. HP: 10/33 MP: 5/5
  1565 | D:3      | Found a bloodstained altar of Trog.
  2156 | D:4      | Found a sand-covered staircase.
  2174 | D:4      | Reached XP level 6. HP: 39/39 MP: 6/6
  2181 | D:4      | Found a transporter.
  2185 | D:4      | Found a transporter.
  2190 | D:4      | Found a one-way gate to the infinite horrors of the Abyss.
  2190 | D:4      | Noticed Ninjinzu's ghost (amateur DsBe)
  2195 | D:4      | Noticed a small abomination
  2232 | Ossuary  | Entered an ossuary
  2400 | Ossuary  | Slain by a mummy

Illustrated notes

Levels and vault maps discovered:
D:1:      wander_arrival_estate, layout_rooms
D:2:      layout_loops_ring, serial_shops, nicolae_shop_hallway_plus,
          uniq_terence, uniq_jessica
D:3:      layout_basic, trog_three_pillars_becter
D:4:      layout_gridville, enter_ossuary_2, gammafunk_ghost_abyssal_escape
Ossuary:  ossuary_crypta

Skill      XL: |  1  2  3  4  5 |
---------------+----------------+-----
Axes           | 2 3 |  3.2
Fighting       | 4 |  4.7
Shields        | 4 |  4.7
Armour         | 4 |  4.6

Action                   |  1- 3 |  4- 6 || total
-------------------------+-------+-------++-------
Melee: War axe           |    77 |   189 ||   266
Throw: Dart              |     1 |       ||     1
  Use: Potion            |     5 |     3 ||     8
       Scroll            |       |     5 ||     5
Armor: Scale mail        |    44 |    97 ||   141
       Skin              |       |     2 ||     2
Dodge: Dodged            |    43 |    95 ||   138
Block: Buckler           |     9 |    52 ||    61

Table legend: (Time is in decaauts)
 A = Elapsed time spent in this place.
 B = Non-inter-level travel time spent in this place.
 C = Inter-level travel time spent in this place.
 D = Time resting spent in this place.
 E = Time spent auto-exploring this place.
 F = Levels seen in this place.
 G = Mean time per level.
                   A        B        C        D        E       F      G
               +--------+--------+--------+--------+--------+-----+--------+
         Total |   2508 |   2418 |     90 |    119 |   1580 |   5 |  501.6 |
       Dungeon |   2328 |   2238 |     90 |    113 |   1473 |   4 |  582.0 |
       Ossuary |    179 |    179 |      0 |      6 |    107 |   1 |  179.0 |
               +--------+--------+--------+--------+--------+-----+--------+

Top non-repeatable levels by time:
     D:2: 1108 daAuts
     D:3: 712 daAuts
     D:1: 378 daAuts
 Ossuary: 179 daAuts
     D:4: 129 daAuts
